 Dungeon Crawl Stone Soup version 0.18.1-6-gd335043 (webtiles) character file.

312 epen the Grasshopper (level 6, 0/32 HPs)
             Began as a Spriggan Warper on May 16, 2016.
             Slain by a giant frog skeleton (4 damage)
             ... on level 5 of the Dungeon.
             The game lasted 00:09:11 (4184 turns).

epen the Grasshopper (Spriggan Warper)              Turns: 4184, Time: 00:09:12

Health: 0/32       AC:  3    Str:  7    XL:     6   Next: 18%
Magic:  12/12      EV: 20    Int: 16    God:
Gold:   236        SH:  0    Dex: 16    Spells: 5 memorised, 1 level left

rFire  . . .     SeeInvis +     a - +0 short sword
rCold  . . .     Gourm    .     b - +1 robe
rNeg   . . .     Faith    .     (shield restricted)
rPois  .         Spirit   .     (helmet restricted)
rElec  .         Dismiss  .     (no cloak)
rCorr  .         Reflect  .     (gloves unavailable)
SustAt .         Harm     .     (boots unavailable)
MR     +....                    (no amulet)
Stlth  ++........               (no ring)
                                (no ring)

@: very quick, somewhat resistant to hostile enchantments, unstealthy
A: unfitting armour, see invisible, herbivore 3, speed 3, slow metabolism 2
a: no special abilities


You were on level 5 of the Dungeon.
You were hungry.

You visited 1 branch of the dungeon, and saw 5 of its levels.

You collected 236 gold pieces.

Inventory:

Hand Weapons
 a - a +0 short sword (weapon)
Missiles
 e - 5 tomahawks of dispersal (quivered)
Armour
 b - a +1 robe (worn)
Jewellery
 q - an uncursed amulet of harm {unknown}
Scrolls
 d - a scroll of blinking
 g - a scroll of remove curse
 i - 2 scrolls of noise {unknown}
 k - 3 scrolls of identify {unknown}
 n - a scroll of fear {unknown}
 o - a scroll of amnesia {unknown}
 t - a scroll of fog {unknown}
Potions
 h - 2 potions of mutation {unknown}
 j - 2 potions of haste {unknown}
 l - a potion of agility {unknown}
 m - 2 potions of invisibility {unknown}
 p - 3 potions of might {unknown}
 r - 2 potions of degeneration {unknown}
Books
 c - a book of Spatial Translocations

   Spells                             Type                      Level
   a - Apportation                    Translocation                1
   b - Blink                          Translocation                2
   c - Shroud of Golubria             Charms/Translocation         2
   d - Portal Projectile              Translocation                3
   e - Teleport Other                 Translocation                3
   f - Passage of Golubria            Translocation                4
Comestibles
 f - 2 bread rations
 s - a slice of pizza


   Skills:
 + Level 2.4 Fighting
 + Level 3.0 Short Blades
 - Level 1.0 Throwing
 + Level 1.0 Armour
 * Level 5.5 Dodging
 + Level 2.2 Stealth
 + Level 3.9 Spellcasting
 * Level 6.3 Translocations


You had one spell level left.
You knew the following spells:

 Your Spells              Type           Power        Failure   Level  Hunger
a - Apportation           Tloc           ###.......   1%          1    None
b - Blink                 Tloc           N/A          1%          2    ##.....
c - Portal Projectile     Tloc           ###...       4%          3    ###....
d - Teleport Other        Tloc           ###.....     4%          3    ###....
e - Shroud of Golubria    Chrm/Tloc      ##........   10%         2    ##.....


Dungeon Overview and Level Annotations

Branches:
Dungeon (5/15)
 Temple: D:4-7

Altars:
Elyvilon
Makhleb


Innate Abilities, Weirdness & Mutations

You are tiny and cannot use many weapons and most armour.
You have supernaturally acute eyesight.
You are a herbivore.
You cover ground extremely quickly.
You need consume almost no food.


Message History

You barely miss the giant frog skeleton.
The giant frog skeleton barely misses you.
You barely miss the giant frog skeleton.
The giant frog skeleton completely misses you.
You hit the giant frog skeleton. The giant frog skeleton hits you!
* * * LOW HITPOINT WARNING * * *
The giant frog skeleton hits you.
* * * LOW HITPOINT WARNING * * *
You are too injured to fight recklessly!
You are too injured to fight recklessly!
You are too injured to fight recklessly!
You hit the giant frog skeleton. The giant frog skeleton hits you.
* * * LOW HITPOINT WARNING * * *
You hit the giant frog skeleton.
The giant frog skeleton barely misses you.
You hit the giant frog skeleton.
The giant frog skeleton barely misses you.
You barely miss the giant frog skeleton.
The giant frog skeleton hits you.
You die...

##.#..### #....#
##+#..#####....#
#........##....#
#........##....#
.........##.>.######
.........#.........+
....($...#....######
.........#....#
......Z@.#....#
..#...........#
#............#
#.#............. #
#.####.(...#.# #.
#.....#.# #. #.....#
. #. #.....# #......


You could see a giant frog skeleton.

Vanquished Creatures
  A howler monkey (D:4)
  2 hounds
  An orc wizard (D:4)
  A worker ant (D:4)
  4 adders (D:2)
  2 adder skeletons (D:4)
  5 worms
  5 dart slugs
  A giant gecko (D:3)
  7 orcs
  A ball python (D:3)
  8 giant cockroaches
  10 goblins
  3 hobgoblins
  2 jackals (D:1)
  A quokka (D:4)
  9 bats
  4 giant newts
  8 kobolds
  6 rats
81 creatures vanquished.

Vanquished Creatures (others)
  An orc wizard (D:4)
1 creature vanquished.

Grand Total: 82 creatures vanquished

Notes
Turn   | Place    | Note
--------------------------------------------------------------
     0 | D:1      | epen the Spriggan Warper began the quest for the Orb.
     0 | D:1      | Reached XP level 1. HP: 10/10 MP: 5/5
   179 | D:1      | Reached XP level 2. HP: 11/15 MP: 6/6
   194 | D:1      | Learned a level 2 spell: Blink
   847 | D:1      | Reached XP level 3. HP: 18/18 MP: 8/8
   979 | D:2      | Learned a level 3 spell: Portal Projectile
  1159 | D:2      | Reached skill level 5 in Translocations
  1468 | D:2      | Reached XP level 4. HP: 5/23 MP: 8/10
  1752 | D:2      | Found a burning altar of Makhleb.
  2196 | D:2      | Reached skill level 1 in Stealth
  2354 | D:2      | Learned a level 3 spell: Teleport Other
  2600 | D:3      | Reached XP level 5. HP: 26/26 MP: 11/11
  2967 | D:3      | Learned a level 2 spell: Shroud of Golubria
  3031 | D:4      | Reached skill level 5 in Dodging
  3549 | D:4      | Found a white marble altar of Elyvilon.
  3565 | D:4      | Reached skill level 6 in Translocations
  3851 | D:4      | Reached XP level 6. HP: 22/32 MP: 9/12
  3882 | D:4      | Reached skill level 1 in Armour
  4029 | D:5      | Entered Level 5 of the Dungeon
  4184 | D:5      | Slain by a giant frog skeleton

Skill      XL: |  1  2  3  4  5  6 |
---------------+-------------------+-----
Spellcasting   | 3 |  3.9
Dodging        | 4 5 |  5.5
Translocations | 5 6 |  6.3
Fighting       | 2 |  2.4
Stealth        | 1 2 |  2.2
Short Blades   | 3 |  3.0
Armour         | 1 |  1.0
Throwing       | |  1.0

Action                   |  1- 3 |  4- 6 || total
-------------------------+-------+-------++-------
Melee: Short sword       |   212 |   283 ||   495
 Cast: Portal Projectile |     3 |     1 ||     4
       Shroud of Golubri |       |     5 ||     5
       Teleport Other    |       |     1 ||     1
  Use: Scroll            |     2 |       ||     2
       Potion            |     1 |     1 ||     2
 Stab: Sleeping          |       |     6 ||     6
       Distracted        |       |     1 ||     1
  Eat: Royal jelly       |       |     1 ||     1
Armor: Robe              |    19 |    23 ||    42
Dodge: Dodged            |   221 |   242 ||   463
